 Dungeon Crawl Stone Soup version 0.28.0-47-ge53b351184 (webtiles) character file.

Game seed: 12917644994611836038

94 101zpm the Magician (level 4, 0/31 HPs)
             Began as a Djinni Ice Elementalist on Apr 26, 2022.
             Slain by Ijyb
             ... wielding a +0 club
              (3 damage)
             ... on level 3 of the Dungeon.
             The game lasted 00:07:50 (3775 turns).

101zpm the Magician (Djinni Ice Elementalist)       Turns: 3775, Time: 00:07:50

Health: 0/31       AC:  2    Str:  7    XL:     4   Next: 94%
Gold:   121        EV: 12    Int: 19    God:
                   SH:  0    Dex: 13

rFire   + + .      SeeInvis .   h - +2 short sword (freeze)
rCold   x . .      Faith    .   (no shield)
rNeg    . . .      Spirit   .   a - +0 robe
rPois   ∞          Reflect  .   (no helmet)
rElec   .          Harm     .   (no cloak)
rCorr   .          Rampage  .   (no gloves)
Will    .....                   (boots unavailable)
Stlth   ++........              (no amulet)
HPRegen 0.10/turn               (no ring)
MPRegen 0.00/turn               (no ring)

@: flying
A: sickness immunity, fire resistance 2, cold vulnerability 1, float, innate
caster, HP casting, extra vitality 1
a: no special abilities


You were on level 3 of the Dungeon.
You visited 1 branch of the dungeon, and saw 4 of its levels.

You collected 121 gold pieces.

Inventory:

Hand Weapons
 h - a +2 short sword of freezing (weapon)
Armour
 a - a +0 robe (worn)
Scrolls
 b - a scroll of blinking {unknown}
 e - a scroll of vulnerability {unknown}
 f - a scroll of amnesia {unknown}
 g - a scroll of fear {unknown}
 i - a scroll of silence {unknown}
 j - a scroll of fog {unknown}
 k - a scroll of noise {unknown}
 m - 3 scrolls of enchant armour {unknown}
Potions
 c - a potion of ambrosia {unknown}
 d - a potion of mutation {unknown}
 l - a potion of degeneration {unknown}
 n - a potion of flight {unknown}


   Skills:
 + Level 2.3 Dodging
 + Level 2.1 Stealth
 + Level 4.4 Spellcasting


You couldn't memorise any spells.
You knew the following spells:

 Your Spells              Type           Power      Damage    Failure   Level
a - Freeze                Ice            84%        1d10      1%          1
b - Frozen Ramparts       Ice            42%        1d6       6%          3
c - Ozocubu's Armour      Ice            21%        N/A       6%          3
d - Hailstorm             Conj/Ice       21%        3d6       21%         4
e - Pain                  Necr           84%        1d8       1%          1
Your spell library was empty.

Dungeon Overview and Level Annotations

Branches:
Dungeon (4/15)
 Temple: D:4-7

Altars:
Elyvilon

Annotations:
D:3 Ijyb, Sigmund


Innate Abilities, Weirdness & Mutations

You are immune to sickness and miasma.
You are immune to poison.
Your flesh is very heat resistant. (rF++)
You are vulnerable to cold. (rC-)
You float through the air rather than walking.
You learn spells naturally, not from books.
Your magical power is your life essence.
You have superior vitality. (+4 MHP)


Message History

You miscast Pain.
You are very lightly contaminated with residual magic.
Nothing appears to happen.
Ijyb screams, "Get away!"
Casting: Pain (safe; 1% risk of failure)
Confirm with . or Enter, or press ? or * to list all spells.
Aiming: Pain (safe; 1% risk of failure)
Press: ? - help, Shift-Dir - straight line, f/p - Ijyb
Aim: Ijyb, wielding a +0 club, wearing a +0 leather armour and carrying a wand of flame (9) (lightly wounded, chance to affect: 85%) Ijyb barely resists.
Ijyb hits you with a +0 club.
There are monsters nearby!
You are too injured to fight recklessly!
You are too injured to fight recklessly!
Aiming: Freeze (safe; 1% risk of failure)
Press: ? - help, Q - select action, (/) - cycle Shift-Dir - straight line, f/p - Ijyb
Aim: Ijyb, wielding a +0 club, wearing a +0 leather armour and carrying a wand of flame (9) (lightly wounded)
You freeze Ijyb.
Ijyb is heavily wounded.
Ijyb misses you.
Ijyb zaps a wand.
The puff of flame hits you. You resist.
Aiming: Freeze (safe; 1% risk of failure)
Press: ? - help, Q - select action, (/) - cycle Shift-Dir - straight line, f - endoplasm, p - Ijyb
Aim: an endoplasm You freeze the endoplasm.
The endoplasm is almost dead.
The endoplasm freezes you.
You are frozen!
You feel a terrible chill!
* * * LOW HITPOINT WARNING * * *
You hit the endoplasm. You freeze the endoplasm.
You kill the endoplasm!
Your magical contamination has completely faded away.
Aiming: Freeze (safe; 1% risk of failure)
Press: ? - help, Q - select action, (/) - cycle Shift-Dir - straight line, f - Ijyb
Aim: Ijyb, wielding a +0 club, wearing a +0 leather armour and carrying a wand of flame (8) (moderately wounded)
You freeze Ijyb!
Ijyb is severely wounded.
* * * LOW HITPOINT WARNING * * *
Ijyb hits you with a +0 club.
You die...

#.#.. #.##
...## #.#.#
#... #.#.##
#...#...##.
...#..#
#.#.#.#.#.. #.#
#.#.
#.#...#...#...#
..## ##.#.# #.#
.#. #.#
#>...#...
#.##.#.#
#..#@..#
#..#g#......
#....##.###.
#..#.. ?..
#..##.# #.#
#... .. ... #.
... ## # ...
####


You could see Ijyb.

Vanquished Creatures
  Jessica (D:2)
  5 worms
  An orc (D:3)
  4 endoplasms
  4 giant cockroaches (D:1)
  4 goblins
  3 hobgoblins (D:1)
  4 jackals (D:1)
  A quokka (D:3)
  5 ball pythons
  5 bats
  3 frilled lizards
  7 kobolds
  4 rats
  A spectral hobgoblin (D:2)
52 creatures vanquished.

Notes
Turn   | Place    | Note
-------+----------+-------------------------------------------
     0 | D:1      | 101zpm the Djinni Ice Elementalist began the quest for the
                  | Orb.
     0 | D:1      | Reached XP level 1. HP: 15/15 MP: 0/0
   321 | D:1      | Reached XP level 2. HP: 9/21 MP: 0/0
   780 | D:1      | Reached XP level 3. HP: 11/25 MP: 0/0
   780 | D:1      | Learned a level 1 spell: Pain
  2168 | D:2      | Found a white marble altar of Elyvilon.
  2192 | D:2      | Reached skill level 4 in Spellcasting
  2339 | D:2      | Noticed Jessica
  2340 | D:2      | Found a faded altar of an unknown god.
  2347 | D:2      | Killed Jessica
  2348 | D:2      | Reached XP level 4. HP: 20/31 MP: 0/0
  3736 | D:3      | Noticed Sigmund
  3746 | D:4      | Noticed an ogre
  3764 | D:3      | Noticed Ijyb
  3775 | D:3      | Slain by Ijyb

Illustrated notes

Levels and vault maps discovered:
D:1:      dpeg_arrival_central, layout_rooms, serial_corexii_hall,
          corexii_hall_statues_x, corexii_hall_statues_x
D:2:      layout_basic, dreamdust_ecumenical_altar_drowned_temple, basic_altar,
          minmay_statues_item, uniq_jessica
D:3:      layout_basic, nicolae_concentric_dashed_squares_wild, uniq_sigmund,
          uniq_ijyb
D:4:      minmay_opposing_rooms, layout_loops_ring,
          minmay_temple_entry_offerings

Skill      XL: |  1  2  3 |
---------------+----------+-----
Spellcasting   | 4 |  4.4
Stealth        | 2 |  2.1
Dodging        | |  2.3

Action                   |  1- 3 |  4- 6 || total
-------------------------+-------+-------++-------
Melee: Short sword       |       |     3 ||     3
 Cast: Freeze            |    33 |     4 ||    37
       Pain              |    29 |    50 ||    79
Armor: Robe              |     3 |       ||     3
Dodge: Dodged            |     9 |     3 ||    12
